 Dungeon Crawl Stone Soup version 0.20-a0-29-g41cc41e (webtiles) character file.

15408 Crocosaw the Basher (level 12, -2/76 HPs)
             Began as a Gargoyle Fighter on Nov 7, 2016.
             Was a High Priest of Okawaru.
             Slain by a small abomination (15 damage)
             ... on level 3 of the Abyss.
             The game lasted 00:55:42 (10922 turns).

Crocosaw the Basher (Gargoyle Fighter)             Turns: 10922, Time: 00:55:43

Health: -2/76      AC: 24    Str: 37      XL:     12   Next: 26%
Magic:  12/12      EV: 13    Int:  6 (9)  God:    Okawaru [*****.]
Gold:   592        SH: 16    Dex: 14      Spells: 0 memorised, 11 levels left

rFire  + . .     SeeInvis .     F - +4 flail (drain)
rCold  + . .     Gourm    .     B - +1 ring mail {rF+}
rNeg   + . .     Faith    .     P - +2 shield {reflect}
rPois  ∞         Spirit   .     (no helmet)
rElec  +         Reflect  +     c - +0 cloak {MR+}
rCorr  .         Harm     .     L - +2 pair of gloves {Str+3}
MR     +++..                    s - +2 pair of boots
Stlth  +.........               A - amulet "Ediwnupnue" {*Corrode +Blink MR+ Regen+ Str+9}
                                i - +4 ring of dexterity
                                K - ring of Qyozxit {*Contam rC+ MR+ Int+3}

@: no status effects
A: dopey 1, negative energy resistance 1, electricity resistance, unbreathing,
petrification resistance, rot immunity, AC +8
a: Heroism, Finesse, Renounce Religion, Evoke Blink


You were on level 3 of the Abyss.
You worshipped Okawaru.
Okawaru was extremely pleased with you.
You were hungry.

You visited 2 branches of the dungeon, and saw 12 of its levels.
You visited the Abyss 1 time.
You also visited: Bailey.

You collected 820 gold pieces.
You spent 228 gold pieces at shops.

Inventory:

Hand Weapons
 F - a +4 flail of draining (weapon)
 O - the +7 longbow of Valiance {freeze, rElec rPois rF+ rC+ Int-5}
   (You found it in a bailey)

   It causes projectiles fired from it to freeze those they strike, causing
   extra injury to most foes and up to half again as much damage against
   particularly susceptible opponents.
   They can also slow down cold-blooded creatures.
   It affects your intelligence (-5).
   It protects you from fire.
   It protects you from cold.
   It insulates you from electricity.
   It protects you from poison.
Armour
 c - a +0 cloak of magic resistance (worn)
 s - a +2 pair of boots (worn)
 t - a +0 plate armour
 B - a +1 ring mail of fire resistance (worn)
 L - a +2 pair of gloves of strength (worn)
 P - a +2 shield of reflection (worn)
Jewellery
 g - an uncursed ring of protection from cold
 i - a +4 ring of dexterity (right hand)
 k - an uncursed amulet of faith
 A - the amulet "Ediwnupnue" (around neck) {*Corrode +Blink MR+ Regen+ Str+9}
   (You took it off an orc on level 6 of the Dungeon)

   [amulet of regeneration]

   It affects your strength (+9).
   It affects your resistance to hostile enchantments.
   It lets you blink.
   It increases your rate of regeneration.
   It may corrode you when you take damage.
 I - an uncursed ring of protection from magic
 K - the ring of Qyozxit (left hand) {*Contam rC+ MR+ Int+3}
   (You found it on level 8 of the Dungeon)

   [ring of protection from cold]

   It affects your intelligence (+3).
   It protects you from cold.
   It affects your resistance to hostile enchantments.
   It causes magical contamination when unequipped.
 S - a cursed ring of loudness {unknown}
Wands
 r - a wand of polymorph (12/24)
 u - a wand of digging (19/24)
 E - a wand of polymorph (12/24)
 G - a wand of digging (14/24)
 H - a wand of digging (16/24)
 R - a wand of flame (28/48)
Scrolls
 a - a scroll of fear
 l - 2 scrolls of teleportation
 m - a scroll of identify
 p - 4 scrolls of remove curse
 y - 3 scrolls of recharging
 T - a scroll of magic mapping {unknown}
Potions
 b - 3 potions of curing {unknown}
 d - a potion of might
 e - 5 potions of lignification {unknown}
 h - 6 potions of degeneration {unknown}
 q - 2 potions of haste {unknown}
 v - 4 potions of flight {unknown}
 w - 2 potions of mutation {unknown}
 x - 2 potions of heal wounds {unknown}
 z - a potion of invisibility {unknown}
 C - a potion of agility {unknown}
 J - 2 potions of resistance {unknown}
 M - 2 potions of ambrosia {unknown}
 Q - a potion of cancellation {unknown}
Comestibles
 f - 13 bread rations
 j - 3 meat rations
 n - 7 slices of pizza
 o - 4 beef jerkies
 D - a royal jelly
 N - 8 fruits


   Skills:
 + Level 9.0 Fighting
 + Level 12.5 Maces & Flails
 + Level 7.7 Armour
 + Level 5.1 Dodging
 + Level 1.3 Stealth
 + Level 10.7 Shields
 + Level 0.7 Invocations


You had 11 spell levels left.
You didn't know any spells.

Dungeon Overview and Level Annotations

Branches:
Dungeon (10/15)            Temple (0/1) D:6            Lair (0/6) D:8
    Orc (2/2) D:10
    Elf: Orc:2

Altars:
Dithmenos
Kikubaaqudgha
Makhleb
Nemelex Xobeh
Okawaru
Qazlal
Sif Muna
Trog
Uskayaw
Xom

Shops:
D:4 }   D:7 (   Orc:2 (*


Innate Abilities, Weirdness & Mutations

You are resistant to torment.
Your stone body is resilient. (AC +8)
You are immune to poison.
You resist negative energy. (rN+)
You are resistant to electric shocks. (rElec)
You can survive without breathing.
You are immune to petrification.
You are immune to rotting.
You are dopey. (Int -2)


Message History

You blink.
An insubstantial wisp and a small abomination come into view.
The insubstantial wisp gives a chilling moan.
A spatial vortex comes into view.
The insubstantial wisp blinks!
A spatial vortex comes into view.
The insubstantial wisp blinks!
You block the small abomination's attack.
A spatial vortex comes into view.
You sock the small abomination!
The small abomination is heavily damaged.
You block the spatial maelstrom's attack. x2
The small abomination hits you.
* * * LOW HITPOINT WARNING * * *
You hit the small abomination but do no damage.
The small abomination is heavily damaged.
The spatial maelstrom barely misses you.
The spatial maelstrom closely misses you.
The small abomination hits you!
You die...

## #### #.#
#...#..####. #
#..........
##.
#...x...... #
.####@#
#...v## #
.#....#
..v..v##
#......v.# #
#.#..#.#.## #.
. ####...#
#v###
#..v...###...#
. #..#....#
#§.### # §


You could see a spatial maelstrom, 3 spatial vortices, a small abomination and
an insubstantial wisp.

Vanquished Creatures
  Erolcha (D:10)
  4 orc high priests
  The ghost of Gorggeron the Cleaver, a novice HOFi of Okawaru (D:7)
  An orc knight (Orc:2)
  A hill giant (D:8)
  2 orc sorcerers (Bailey)
  An ugly thing (D:9)
  A komodo dragon (D:10)
  A tormentor (Abyss:3)
  A troll (Orc:1)
  A two-headed ogre (Orc:2)
  A hippogriff (D:8)
  A wyvern (D:8)
  A human (D:7)
  4 yaks (D:9)
  The ghost of Nathanielran1005 the Skirmisher, an amateur MiBe of Trog (D:8)
  A large abomination (Abyss:3)
  4 hogs (D:7)
  Edmund (D:5)
  4 wargs
  Menkaure (D:7)
  A water moccasin (D:6)
  Duvessa (D:5)
  22 orc warriors
  A sky beast (D:8)
  2 black bears
  An ice beast (D:7)
  4 ogres
  2 phantoms
  2 crocodiles
  3 centaurs
  A big kobold (D:7)
  3 bullfrogs
  2 water moccasin zombies
  Dowan (D:5)
  3 scorpions
  5 killer bees (D:7)
  3 electric eels (Bailey)
  6 crimson imps
  A centaur zombie (D:8)
  4 hounds
  4 jellies
  15 orc wizards
  Crazy Yiuf (D:5)
  3 iguanas
  8 orc priests
  5 worker ants
  A killer bee zombie (D:7)
  A hound skeleton (D:5)
  A worker ant zombie (D:6)
  5 gnolls (Bailey)
  9 adders
  A shadow imp (D:6)
  An adder skeleton (D:4)
  An adder zombie (D:8)
  2 worms
  3 dart slugs
  8 leopard geckos
  61 orcs
  5 bats
  3 giant cockroaches
  15 goblins
  14 hobgoblins
  12 jackals
  10 kobolds
  6 quokkas
  7 frilled lizards
  A jackal zombie (D:6)
  A quokka skeleton (D:6)
  8 rats
314 creatures vanquished.

Vanquished Creatures (others)
  A gnoll (Bailey)
  An orc (Orc:1)
  11 fungi (Orc:2)
  7 starspawn tentacles (Abyss:3)
  A withered plant (D:7)
21 creatures vanquished.

Grand Total: 335 creatures vanquished

Notes
Turn   | Place    | Note
-------+----------+-------------------------------------------
     0 | D:1      | Crocosaw the Gargoyle Fighter began the quest for the Orb.
     0 | D:1      | Reached XP level 1. HP: 14/14 MP: 1/1
   216 | D:1      | Reached XP level 2. HP: 13/19 MP: 2/2
  1240 | D:2      | Reached XP level 3. HP: 22/24 MP: 3/3
  1258 | D:2      | Found an iron altar of Okawaru.
  1286 | D:2      | Became a worshipper of Warmaster Okawaru
  1342 | D:2      | Reached XP level 4. HP: 29/29 MP: 4/4
  2005 | D:2      | Reached skill level 3 in Maces & Flails
  2014 | D:2      | Reached XP level 5. HP: 28/33 MP: 5/5
  3014 | D:3      | Found a shimmering altar of Xom.
  3088 | D:3      | Reached skill level 4 in Maces & Flails
  3088 | D:3      | Reached XP level 6. HP: 37/38 MP: 6/6
  3565 | D:4      | Noticed a phantom
  3623 | D:4      | Killed a phantom
  3623 | D:4      | Reached skill level 5 in Maces & Flails
  3623 | D:4      | Reached skill level 1 in Dodging
  3623 | D:4      | Reached skill level 5 in Shields
  3623 | D:4      | Reached XP level 7. HP: 34/44 MP: 7/7
  3857 | D:4      | Reached * piety under Okawaru
  4073 | D:4      | Found Jukog's Gadget Shop.
  4203 | D:5      | Entered Level 5 of the Dungeon
  4429 | D:5      | Noticed Duvessa
  4429 | D:5      | Noticed Dowan
  4457 | D:5      | Reached skill level 6 in Maces & Flails
  4460 | D:5      | Killed Duvessa
  4460 | D:5      | Reached skill level 5 in Armour
  4460 | D:5      | Reached XP level 8. HP: 33/48 MP: 3/8
  4839 | D:5      | Noticed Edmund
  4853 | D:5      | Killed Edmund
  4853 | D:5      | Reached skill level 5 in Fighting
  5011 | D:5      | Killed Dowan
  5155 | D:5      | Found a runed door.
  5159 | D:5      | Noticed Crazy Yiuf
  5168 | D:5      | Killed Crazy Yiuf
  5282 | D:5      | Found a sparkling altar of Nemelex Xobeh.
  5399 | D:5      | Found a faded altar of an unknown god.
  5399 | D:5      | Found a faded altar of an unknown god.
  5408 | D:5      | Found a stormy altar of Qazlal.
  5410 | D:5      | Found a bloodstained altar of Trog.
  5412 | D:5      | Found a burning altar of Makhleb.
  5482 | D:6      | Reached skill level 7 in Maces & Flails
  5485 | D:6      | Reached ** piety under Okawaru
  5599 | D:6      | Found a staircase to the Ecumenical Temple.
  5758 | D:6      | Reached XP level 9. HP: 55/55 MP: 9/9
  5770 | D:6      | Reached skill level 8 in Maces & Flails
  5820 | D:6      | Got a coiled ruby amulet
  6131 | D:6      | Identified the amulet "Ediwnupnue" {*Corrode +Blink MR+ Regen+ Str+9} (You took it off an orc on level 6 of the Dungeon)
  6281 | D:7      | Found a shadowy altar of Dithmenos.
  6281 | D:7      | Noticed Gorggeron's ghost (novice HOFi)
  6476 | D:7      | Killed Gorggeron's ghost
  6476 | D:7      | Reached *** piety under Okawaru
  6476 | D:7      | Reached skill level 1 in Stealth
  6543 | D:7      | Found an ancient bone altar of Kikubaaqudgha.
  6552 | D:7      | Reached skill level 9 in Maces & Flails
  6612 | D:7      | Found a flagged portal.
  6626 | Bailey   | Entered a bailey
  6678 | Bailey   | Found an iron altar of Okawaru.
  6678 | Bailey   | Noticed an orc sorcerer
  6678 | Bailey   | Noticed an orc sorcerer
  6685 | Bailey   | Killed an orc sorcerer
  6685 | Bailey   | Reached XP level 10. HP: 60/61 MP: 7/10
  6687 | Bailey   | Killed an orc sorcerer
  6687 | Bailey   | Reached **** piety under Okawaru
  6699 | Bailey   | Reached skill level 10 in Maces & Flails
  6934 | Bailey   | Got a crude longbow
  6935 | Bailey   | Upgraded the game from 0.20-a0-19-gd4fea00 to 0.20-a0-29-g41cc41e
  7211 | Bailey   | Identified the +7 longbow of Valiance {freeze, rElec rPois rF+ rC+ Int-5} (You found it in a bailey)
  7554 | D:7      | Noticed Menkaure
  7562 | D:7      | Killed Menkaure
  7600 | D:7      | Found Maefim's Weapon Shop.
  7642 | D:7      | Reached ***** piety under Okawaru
  8046 | D:8      | Noticed Nathanielran1005's ghost (amateur MiBe)
  8060 | D:8      | Killed Nathanielran1005's ghost
  8306 | D:8      | Found a deep blue altar of Sif Muna.
  8347 | D:8      | Noticed a hill giant
  8359 | D:8      | Killed a hill giant
  8359 | D:8      | Received a gift from Okawaru
  8359 | D:8      | Reached XP level 11. HP: 50/67 MP: 11/11
  8370 | D:8      | Reached skill level 11 in Maces & Flails
  8398 | D:8      | Found a staircase to the Lair.
  8586 | D:8      | Found a hide-covered altar of Uskayaw.
  8831 | D:8      | Got a translucent iron ring
  9226 | D:9      | Noticed a cyan ugly thing
  9235 | D:9      | Killed a cyan ugly thing
  9552 | D:9      | Identified the ring of Qyozxit {*Contam rC+ MR+ Int+3} (You found it on level 8 of the Dungeon)
  9572 | D:9      | Gained mutation: You are dopey. (Int -2) [mutagenic glow]
  9586 | D:10     | Entered Level 10 of the Dungeon
  9615 | D:10     | Noticed Erolcha
  9622 | D:10     | Killed Erolcha
  9813 | D:10     | Found a staircase to the Orcish Mines.
  9925 | Orc:1    | Entered Level 1 of the Orcish Mines
 10398 | Orc:2    | Entered Level 2 of the Orcish Mines
 10398 | Orc:2    | Found Mihuump's Antique Weapon Shop.
 10398 | Orc:2    | Noticed an orc high priest
 10435 | Orc:1    | Killed an orc high priest
 10443 | Orc:1    | Received a gift from Okawaru
 10510 | Orc:1    | Reached skill level 10 in Shields
 10518 | Orc:1    | Reached skill level 12 in Maces & Flails
 10569 | Orc:2    | Noticed an orc high priest
 10578 | Orc:2    | Killed an orc high priest
 10590 | Orc:2    | Reached XP level 12. HP: 54/75 MP: 12/12
 10597 | Orc:2    | Bought a glowing flail for 228 gold pieces
 10647 | Orc:2    | Noticed an orc high priest
 10665 | Orc:2    | Noticed an orc high priest
 10672 | Orc:2    | Killed an orc high priest
 10672 | Orc:2    | Reached skill level 5 in Dodging
 10683 | Orc:2    | Killed an orc high priest
 10728 | Orc:2    | Noticed an orc warlord
 10731 | Orc:2    | Found Jucsaryx's General Store.
 10738 | Orc:2    | Cast into level 2 of the Abyss (orc warlord)
 10843 | Abyss:3  | Noticed a tentacled starspawn
 10869 | Abyss:3  | Noticed an eidolon
 10872 | Abyss:3  | Noticed a starcursed mass
 10922 | Abyss:3  | Slain by a small abomination

Vault maps used:
D:1:      saegor_arrival_simple_d, kennysheep_boxes
D:2:      kennysheep_cross_bottleneck, moated_statue, okawaru_ov_weapons_minmay
D:3:      led_xom_imps, chequers_big_river
D:4:      first_bread, serial_shops, nicolae_shop_temple_entry_statues_fountains
D:5:      chequers_temple_overflow_minitemple, basic_altar,
          uniq_crazy_yiuf_cottage, uniq_duvessa, uniq_edmund
D:7:      kiku_gazebo_garden_becter, basic_altar, enter_bailey_2, serial_shops,
          shop, grunt_livestock, uniq_menkaure
D:8:      nicolae_overflow_crystal_walls, kennysheep_little_box,
          erik_lair_orcish_takeover, grunt_ministairs_7, nicolae_two_hexagons
D:9:      kennysheep_cluttered_room
D:10:     david_orc_2, feat_on_display, uniq_erolcha
Orc:2:    grunt_orc_gardens, grunt_orc_garden, grunt_orc_garden,
          grunt_orc_garden, grunt_orc_garden, serial_shops,
          nicolae_shop_waterfront, shop
Abyss:3:  doesnt_abyss_rune_brain_food, evilmike_abyss_exit_chaos
Bailey:   bailey_axe_of_yendor_kennysheep, bailey

Skill      XL: |  1  2  3  4  5  6  7  8  9 10 11 12 |
---------------+-------------------------------------+-----
Shields        | 4 5 6 7 9 10 | 10.7
Maces & Flails | 3 4 5 6 7 9 10 12 | 12.5
Armour         | 4 5 6 7 |  7.7
Fighting       | 4 5 6 7 8 9 |  9.0
Dodging        | 1 2 4 5 |  5.1
Stealth        | 1 |  1.3
Invocations    | |  0.7

Action                   |  1- 3 |  4- 6 |  7- 9 | 10-12 || total
-------------------------+-------+-------+-------+-------++-------
Melee: Flail             |    90 |   309 |   430 |   532 ||  1361
Invok: Heroism           |       |       |     4 |       ||     4
  Use: Scroll            |     2 |     1 |    11 |    13 ||    27
       Potion            |       |       |       |     1 ||     1
  Eat: Chunk             |     1 |     4 |    11 |    13 ||    29
       Bread ration      |     1 |       |       |       ||     1
Armor: Scale mail        |    51 |   157 |       |       ||   208
       Plate armour      |       |     7 |   187 |       ||   194
       Ring mail         |       |       |    29 |   190 ||   219
Dodge: Dodged            |    24 |   119 |    88 |   253 ||   484
Block: Shield            |    59 |   198 |   203 |   426 ||   886
       Reflection        |       |       |       |     8 ||     8
